 Seeded DCSS version 0.27.1-2-g3b301248ec (webtiles) character file.

Game seed: 17979796883088392625 (custom seed)

4 babuloseo the Ducker (level 1, 16/16 HPs)
             Began as a Human Gladiator on Sept 26, 2021.
             Was a Follower of Kikubaaqudgha.
             Quit the game on level 2 of the Dungeon.
             The game lasted 00:00:23 (279 turns).

babuloseo the Ducker (Human Gladiator)               Turns: 279, Time: 00:00:23

Health: 16/16      AC:  4    Str: 14    XL:     1   Next: 66%
Magic:  1/1        EV: 12    Int:  8    God:    Kikubaaqudgha [*.....]
Gold:   0          SH:  0    Dex: 14    Spells: 0/0 levels left

rFire    . . .     SeeInvis .   a - +0 quarterstaff
rCold    . . .     Faith    .   (shield currently unavailable)
rNeg     . . .     Spirit   .   b - +0 leather armour
rPois    .         Reflect  .   c - +0 helmet
rElec    .         Harm     .   (no cloak)
rCorr    .         Rampage  .   (no gloves)
Will     .....                  (no boots)
Stlth    +.........             (no amulet)
HPRegen  0.05/turn              (no ring)
MPRegen  0.07/turn              (no ring)

@: no status effects
A: no striking features
a: Renounce Religion, Receive Corpses


You were on level 2 of the Dungeon.
You worshipped Kikubaaqudgha.
Kikubaaqudgha was aware of your devotion.
You visited 1 branch of the dungeon, and saw 2 of its levels.

Inventory:

Hand Weapons
 a - a +0 quarterstaff (weapon)
Missiles
 d - 3 throwing nets (quivered)
Armour
 b - a +0 leather armour (worn)
 c - a +0 helmet (worn)
Jewellery
 e - an amulet of regeneration


   Skills:
 + Level 2.0 Fighting
 + Level 3.0 Staves
 + Level 2.0 Throwing
 + Level 3.1 Dodging


You couldn't memorise any spells.
You didn't know any spells.
Your spell library contained the following spells:

 Spells                   Type           Power      Damage    Failure   Level
 Pain                     Necr           0%         1d4       50%         1
 Corpse Rot               Necr/Air       N/A        N/A       63%         2
 Sublimation of Blood     Necr           0%         N/A       63%         2
 Vampiric Draining        Necr           0%         2d6       86%         3


Dungeon Overview and Level Annotations

Branches:
Dungeon (2/15)

Altars:
Kikubaaqudgha


Message History

You hit the giant cockroach.
You kill the giant cockroach!
Things that are here:
a +0 dagger; a giant cockroach corpse You barely miss the goblin.
The goblin closely misses you.
You hit the goblin.
The goblin is heavily wounded.
The goblin hits you with a +4 dagger.
You barely miss the goblin.
The goblin is heavily wounded.
The goblin hits you with a +4 dagger.
You miss the goblin.
The goblin is heavily wounded.
The goblin hits you with a +4 dagger.
You are too injured to fight recklessly!
You are too injured to fight recklessly!
You closely miss the goblin.
The goblin is heavily wounded.
The goblin hits you with a +4 dagger.
You closely miss the goblin.
The goblin is heavily wounded.
The goblin misses you.
You completely miss the goblin.
The goblin is heavily wounded.
The goblin closely misses you.
You hit the goblin.
You kill the goblin!
You see here a +4 dagger.
You start resting.
HP restored.
Found a faded altar of an unknown god.
There is a dry fountain here.
There is a faded altar of an unknown god here.
You cannot tell which god this altar belongs to.
Convert to them anyway?
Kikubaaqudgha accepts your prayer! Kikubaaqudgha welcomes you!
You can now receive cadavers from Kikubaaqudgha.
Kikubaaqudgha grants you a gift!
You add the spells Pain, Sublimation of Blood, Corpse Rot and Vampiric Draining to your library.
Are you sure you want to abandon this character and quit the game? (Confirm with "yes".)

## ##.## #.#..
#..⌠.
#.⌠..######
#...#∩#8#.#
#@#...######
##..⌠.#....##
###8.⌠..#.....##
#..#...#.......#
#...###........#
#..............#
#...............
#..............#
##............##


There were no monsters in sight!

Vanquished Creatures
  A giant cockroach (D:2)
  2 goblins (D:2)
3 creatures vanquished.

Notes
Turn   | Place    | Note
-------+----------+-------------------------------------------
     0 | D:1      | babuloseo the Human Gladiator began the quest for the Orb.
     0 | D:1      | Reached XP level 1. HP: 16/16 MP: 1/1
   270 | D:2      | Found a faded altar of an unknown god.
   278 | D:2      | Became a worshipper of Kikubaaqudgha
   278 | D:2      | Reached * piety under Kikubaaqudgha
   278 | D:2      | Received a gift from Kikubaaqudgha
   279 | D:2      | Quit the game

Illustrated notes

Levels and vault maps discovered:
D:1:      minmay_arrival_cross, layout_loops_ring
D:2:      layout_rooms, shapermc_ecumenical_altar_venn

Action                   || total
-------------------------++-------
Melee: Quarterstaff      ||    13
Armor: Leather armour    ||     3
Dodge: Dodged            ||     5
